 Dungeon Crawl Stone Soup version 0.19-a0-957-gf4ea323 (webtiles) character file.

5051 mistymad the Fighter (level 10, -8/94 HPs)
             Began as a Centaur Hunter on July 10, 2016.
             Was a Follower of Fedhas.
             Killed by the air
             ... invoked by Gastronok
              (22 damage)
             ... on level 8 of the Dungeon.
             The game lasted 00:38:38 (13798 turns).

mistymad the Fighter (Centaur Hunter)              Turns: 13798, Time: 00:38:38

Health: -8/94      AC:  8    Str: 14    XL:     10   Next: 31%
Magic:  10/10      EV:  8    Int: 12    God:    Fedhas [*.....]
Gold:   263        SH:  0    Dex: 14    Spells: 0 memorised, 9 levels left

rFire  . . .     SeeInvis .     q - +1 shortbow
rCold  . . .     Gourm    .     C - +1 ring mail "Listreaf" {rElec Int+2} (curse)
rNeg   . . .     Faith    .     (shield currently unavailable)
rPois  .         Spirit   .     m - +1 hat
rElec  +         Dismiss  .     (no cloak)
rCorr  .         Reflect  .     H - +0 pair of gloves (curse)
SustAt .         Harm     .     (no barding)
MR     +....                    (no amulet)
Stlth  ..........               (no ring)
                                (no ring)

@: very quick, somewhat resistant to hostile enchantments, extremely unstealthy
A: hooves 3, deformed body, speed 2, magic resistance 1, tough skin 3
a: Evolution, Renounce Religion


You were on level 8 of the Dungeon.
You worshipped Fedhas.
Fedhas was aware of your devotion.
You were not hungry.

You visited 2 branches of the dungeon, and saw 10 of its levels.

You collected 263 gold pieces.

Inventory:

Hand Weapons
 e - a +2 whip of venom
 q - a +1 shortbow (weapon)
 D - a +1 great sword
Missiles
 d - 10 arrows (quivered)
 y - a javelin of penetration
Armour
 m - a +1 hat (worn)
 C - the cursed +1 ring mail "Listreaf" (worn) {rElec Int+2}
   (You found it on level 6 of the Dungeon)

   It affects your intelligence (+2).
   It insulates you from electricity.
   It has a curse placed upon it.
 H - a cursed +0 pair of gloves (worn)
 J - a +1 pair of gloves
Jewellery
 E - an uncursed ring of fire {unknown}
Wands
 F - a wand of disintegration (5/24)
 G - a wand of acid (0/15)
 M - a wand of polymorph (14/24)
Scrolls
 b - 3 scrolls of amnesia
 j - 4 scrolls of immolation
 o - a scroll of enchant weapon
 p - 2 scrolls of recharging
 v - a scroll of teleportation
 z - 2 scrolls of enchant armour {unknown}
 B - a scroll of blinking {unknown}
 I - a scroll of random uselessness {unknown}
 K - a scroll of remove curse {unknown}
Potions
 a - a potion of brilliance
 g - 3 potions of heal wounds
 i - 3 potions of agility
 l - 3 potions of curing
 r - a potion of cure mutation
 t - a potion of resistance {unknown}
 w - a potion of mutation {unknown}
 A - 2 potions of ambrosia {unknown}
 L - a potion of flight {unknown}
Books
 n - a book of the Warp

   Spells                             Type                      Level
   a - Recall                         Summoning/Translocation      3
   b - Gell's Gravitas                Hexes/Translocation          3
   c - Force Lance                    Conjuration/Translocation    4
   d - Warp Weapon                    Charms/Translocation         5
   e - Summon Forest                  Summoning/Translocation      5
 s - a book of Battle

   Spells                             Type                      Level
   a - Infusion                       Charms                       1
   b - Shroud of Golubria             Charms/Translocation         2
   c - Song of Slaying                Charms                       2
   d - Spectral Weapon                Hexes/Charms                 3
   e - Regeneration                   Charms/Necromancy            3
 u - a book of the Sky

   Spells                             Type                      Level
   a - Summon Lightning Spire         Summoning/Air                4
   b - Airstrike                      Air                          4
   c - Silence                        Hexes/Air                    5
   d - Deflect Missiles               Charms/Air                   6
   e - Conjure Ball Lightning         Conjuration/Air              6
   f - Tornado                        Air                          9
Comestibles
 c - a slice of pizza
 f - 7 bread rations
 h - 2 royal jellies
 k - 10 fruits
 x - 3 meat rations
 N - a beef jerky
 O - 4 chunks of flesh


   Skills:
 + Level 10.7 Fighting
   Level 0.5(4.8) Short Blades
 + Level 7.8 Long Blades
 - Level 10.1 Bows
 - Level 0.3 Armour
 - Level 1.3 Dodging
 - Level 0.7 Stealth


You had 9 spell levels left.
You didn't know any spells.

Dungeon Overview and Level Annotations

Branches:
Dungeon (9/15)             Temple (1/1) D:6            Lair (0/6) D:8
    Orc: D:9-12

Altars:
Ashenzari
Cheibriados
Dithmenos
Elyvilon
Fedhas
Gozag
Hepliaklqana
Kikubaaqudgha
Makhleb
Nemelex Xobeh
Okawaru
Pakellas
Qazlal
Ru
Sif Muna
Trog
Uskayaw
Vehumet
Xom
Yredelemnul
Zin
The Shining One

Shops:
D:4 =

Annotations:
D:2 Grinder
D:8 Gastronok, Prince Ribbit


Innate Abilities, Weirdness & Mutations

You have hooves in place of feet.
Armour fits poorly on your strangely shaped body.
You cover ground very quickly.
You have extremely tough skin. (AC +3)
You are resistant to hostile enchantments. (MR+)


Message History

You take 12 damage, and have 13/94 hp.
Firing (i - inventory. (,) - cycle):
d - 13 arrows (quivered)
Press: ? - help, Shift-Dir - straight line, f/p - Gastronok
Aim: Gastronok, wearing a glowing hat (almost dead, covering ground quickly)
You shoot an arrow. The arrow hits Gastronok.
Gastronok is almost dead.
Firing (i - inventory. (,) - cycle):
d - 12 arrows (quivered)
Press: ? - help, Shift-Dir - straight line, f/p - Gastronok
Aim: Gastronok, wearing a glowing hat (almost dead, covering ground quickly)
You shoot an arrow. The arrow hits Gastronok!
Gastronok is almost dead.
Firing (i - inventory. (,) - cycle):
d - 11 arrows (quivered)
Press: ? - help, Shift-Dir - straight line, f/p - Gastronok
Aim: Gastronok, wearing a glowing hat (almost dead, covering ground quickly)
You shoot an arrow. The arrow hits Gastronok.
Gastronok is almost dead.
Gastronok waves his eye-stalks in wide circles.
The air twists around and strikes you!
You die...
Fedhas appreciates your contribution to the ecosystem.

#(. #.# #(# #.. .(.
#.. .(# #.# #(# #
#.# #(# .#
#.#####(#.#
#######.#.@wJ.(##
#.........##....#.#
#
#.#####)###......#
# ####.###
#P.......#.# #
#......#
#######.##... #
#.##.#.# #.# ### #
#.##.#.# #.# #
#.##.#.# #+# #
#P##.#.#


You could see Gastronok and a jelly.

Vanquished Creatures
  9 yaks (D:8)
  A basilisk (D:8)
  A hippogriff (D:7)
  7 porcupines (D:8)
  2 sky beasts
  An orc warrior (D:5)
  An ice beast (D:5)
  2 ogres
  2 centaurs
  7 crocodiles (D:8)
  A giant frog (D:7)
  A scorpion (D:9)
  3 wights (D:6)
  A howler monkey (D:6)
  3 jellies
  A crimson imp (D:5)
  7 hounds
  A giant frog skeleton (D:8)
  A centaur skeleton (D:6)
  2 orc priests
  9 orc wizards
  An iguana (D:6)
  8 worker ants
  Robin (D:3)
  13 adders
  7 gnolls
  3 river rats (D:8)
  4 oozes
  2 adder skeletons (D:4)
  A worm (D:3)
  6 giant geckos
  22 orcs
  15 giant cockroaches
  12 goblins
  6 hobgoblins
  12 jackals
  7 kobolds
  8 quokkas
  5 bats
  4 giant newts
  A quokka skeleton (D:5)
  A quokka zombie (D:5)
  4 rats
206 creatures vanquished.

Vanquished Creatures (others)
  2 bushes (D:8)
  A fungus (D:8)
  8 plants (D:8)
  29 toadstools
40 creatures vanquished.

Grand Total: 246 creatures vanquished

Notes
Turn   | Place    | Note
-------+----------+-------------------------------------------
     0 | D:1      | mistymad the Centaur Hunter began the quest for the Orb.
     0 | D:1      | Reached XP level 1. HP: 17/17 MP: 1/1
   126 | D:1      | Reached XP level 2. HP: 24/24 MP: 2/2
  1175 | D:1      | Reached XP level 3. HP: 10/29 MP: 3/3
  2212 | D:3      | Reached XP level 4. HP: 35/37 MP: 4/4
  2607 | D:3      | Noticed Robin
  2669 | D:3      | Killed Robin
  3088 | D:3      | Noticed a sky beast
  3330 | D:2      | Reached XP level 5. HP: 39/45 MP: 5/5
  3849 | D:3      | Noticed Grinder
  5113 | D:4      | Found Xesifer's Jewellery Shoppe.
  5371 | D:4      | Reached XP level 6. HP: 52/52 MP: 6/6
  5657 | D:4      | Found a stormy altar of Qazlal.
  5686 | D:4      | Found a basalt altar of Yredelemnul.
  6193 | D:4      | Reached skill level 5 in Fighting
  6418 | D:5      | Entered Level 5 of the Dungeon
  6478 | D:4      | Reached XP level 7. HP: 24/61 MP: 7/7
  6755 | D:5      | Found a shattered altar of Ashenzari.
  7470 | D:5      | Reached skill level 10 in Bows
  8000 | D:5      | Reached XP level 8. HP: 50/71 MP: 8/8
  8578 | D:6      | Got a transparent ring mail
  8589 | D:6      | Identified the cursed +1 ring mail "Listreaf" {rElec Int+2} (You found it on level 6 of the Dungeon)
  8651 | D:6      | Reached skill level 1 in Long Blades
  9104 | D:6      | You fall through a shaft for 3 floors!
  9470 | D:6      | Found a staircase to the Ecumenical Temple.
  9480 | Temple   | Entered the Ecumenical Temple
  9550 | Temple   | Became a worshipper of Fedhas Madash
  9832 | D:6      | Found a sparkling altar of Nemelex Xobeh.
  9842 | D:6      | Found an iron altar of Okawaru.
 10351 | D:7      | Found a burning altar of Makhleb.
 10470 | D:7      | Gained mutation: You are resistant to hostile enchantments. (MR+) [mutagenic meat]
 10631 | D:7      | Reached XP level 9. HP: 29/81 MP: 9/9
 10795 | D:7      | Found a hazy altar of Hepliaklqana.
 10798 | D:7      | Found a deep blue altar of Sif Muna.
 11017 | D:8      | Noticed Gastronok
 11861 | D:8      | Reached skill level 5 in Long Blades
 12546 | D:8      | Found a staircase to the Lair.
 12617 | D:8      | Reached skill level 10 in Fighting
 12676 | D:8      | Reached XP level 10. HP: 24/93 MP: 10/10
 13247 | D:8      | Reached * piety under Fedhas
 13669 | D:8      | Noticed Prince Ribbit
 13798 | D:8      | Killed from afar by Gastronok

Vault maps used:
D:1:      dpeg_arrival_more_subterranean_lakeside_camping
D:2:      kennysheep_generic_room_8
D:3:      minmay_roachtagon, uniq_robin, uniq_grinder
D:4:      minitemple, serial_shops, shop_fountains, first_bread
D:5:      lemuel_crystal_altar
D:6:      amethyst_overflow_temple_binary
D:7:      grunt_temple_overflow_open, lemuel_crystal_altar
D:8:      minmay_lair_entry_grove, serial_shops, nicolae_shop_waterfront,
          uniq_gastronok, uniq_prince_ribbit1
D:9:      lemuel_ogre_cave, david_orc_5, serial_shops, shop,
          hangedman_pestilent_swarm
Temple:   jpeg_temple_clearing

Skill      XL: |  1  2  3  4  5  6  7  8  9 |
---------------+----------------------------+-----
Bows           | 6 7 8 10 | 10.1
Fighting       | 3 4 5 6 8 10 | 10.7
Long Blades    | 4 7 |  7.8
Short Blades   | |  0.5
Armour         | |  0.3
Dodging        | |  1.3
Stealth        | |  0.7

Action                   |  1- 3 |  4- 6 |  7- 9 | 10-12 || total
-------------------------+-------+-------+-------+-------++-------
Melee: Short sword       |   127 |   261 |     8 |       ||   396
       Kick              |    21 |    65 |    79 |     3 ||   168
       Whip              |       |       |   248 |    10 ||   258
       Great sword       |       |       |       |     5 ||     5
 Fire: Shortbow          |    17 |   109 |   275 |   137 ||   538
Throw: Javelin           |       |     6 |       |       ||     6
Evoke: Wand              |       |       |     4 |       ||     4
  Use: Potion            |       |     2 |       |       ||     2
       Scroll            |       |       |    11 |       ||    11
  Eat: Chunk             |     3 |    12 |    14 |     5 ||    34
       Beef jerky        |       |       |     1 |       ||     1
Armor: Leather armour    |   105 |   110 |    30 |       ||   245
       Ring mail         |       |       |   123 |    17 ||   140
Dodge: Dodged            |   105 |   170 |   163 |    19 ||   457
